 Dungeon Crawl Stone Soup version 0.31.0-1-g2c135a008e (webtiles) character file.

Game seed: 12098814959586957203

116 qw the Shooter (level 5, -3/40 HPs)
             Began as a Djinni Hunter on Jan 24, 2024.
             Was an Initiate of Okawaru.
             Slain by a black bear (4 damage)
             ... on level 5 of the Dungeon.
             The game lasted 00:00:09 (2558 turns).

qw the Shooter (Djinni Hunter)                      Turns: 2558, Time: 00:00:09

Health: -3/40      AC:  5    Str:  9    XL:     5   Next: 20%
Gold:   208        EV: 12    Int: 10    God:    Okawaru [......] SH:  0 Dex: 28

rFire   + + .        a - +3 shortbow
rCold   x . .        (shield currently unavailable)
rNeg    . . .        j - +0 ring mail
rPois   inf          (no helmet)
rElec   .            (no cloak)
rCorr   .            (no gloves)
SInv    .            (boots unavailable)
Will    .....        (no amulet)
Stlth   ++           c - +6 ring of dexterity
HPRegen 0.26/turn    (no ring)
MPRegen 0.00/turn

%: random rage (3%), infuse magic (-4 HP)
@: flying
A: sickness immunity, fire resistance 2, cold vulnerability 1, float, innate
caster, HP casting, extra vitality 1, agile 1, berserk 1, wild magic 1,
evolution 1
a: Renounce Religion


You were on level 5 of the Dungeon.
You worshipped Okawaru.
Okawaru was noncommittal.
You visited 1 branch of the dungeon, and saw 5 of its levels.

You collected 208 gold pieces.


Innate Abilities, Weirdness & Mutations

You are immune to sickness and miasma.
You are immune to poison.
Your flesh is very heat resistant. (rF++)
You are vulnerable to cold. (rC-)
You float through the air rather than walking.
You learn spells naturally, not from books.
Your magical power is your life essence.
You have superior vitality. (+4 MHP)
You are agile. (Dex +4, Str/Int -1)
You sometimes lose your temper in combat.
Your spells are a little harder to cast, but a little more powerful.
You have hidden genetic potential.


   Skills:
 - Level 3.1 Fighting
 + Level 4.1 Ranged Weapons
 - Level 1.0 Armour
 - Level 3.1 Dodging
 - Level 0.7 Stealth


You knew the following spells:

 Your Spells              Type           Power      Damage    Failure   Level
a - Kiss of Death         Conj/Necr      0%         2d5       78%         1
b - Searing Ray           Conj           0%         2d4       89%         2
Your spell library was empty.

Inventory:

Hand Weapons
 a - a +3 shortbow (weapon)
Armour
 j - a +0 ring mail (worn)
Jewellery
 c - a +6 ring of dexterity (left hand)
Scrolls
 d - a scroll of teleportation
 e - a scroll of enchant armour
Potions
 f - a potion of magic {unknown}
 g - a potion of heal wounds
 h - a potion of cancellation

Dungeon Overview and Level Annotations

Branches:
Dungeon (5/15)             Temple (0/1) D:4

Altars:
Dithmenos
Nemelex Xobeh
Okawaru
Uskayaw
Wu Jian
Zin


Message History

The black bear growls angrily.
You hear a shout!
You shoot an arrow. The arrow hits the black bear!
The black bear is moderately wounded.
You hear a shout!
An orc priest comes into view. It is wielding a +0 falchion.
You hear a shout!
You shoot an arrow. The arrow barely misses the black bear.
You hear a shout!
An orc priest comes into view. It is wielding a +0 mace.
An orc comes into view. It is wielding a +0 falchion.
You shoot an arrow. The arrow hits the orc priest.
The orc priest is moderately wounded.
Enter note:
Enter note:
2554 ||| RETREEEEATING.
The black bear barely misses you. The black bear closely misses you.
The black bear completely misses you.
An orc comes into view. It is wielding a +0 mace.
The orc priest calls upon Beogh to heal the orc priest.
The orc priest's wounds heal themselves!
You shoot an arrow. The arrow hits the black bear!
The black bear is severely wounded.
The black bear bites you. The black bear claws you.
The black bear closely misses you.
You shoot an arrow. The arrow hits the black bear.
The black bear is almost dead.
The black bear goes berserk!
You shoot an arrow.
The arrow completely misses the black bear.
The arrow hits the orc priest!
The orc priest is heavily wounded.
The black bear bites you! The black bear claws you. The black bear misses you.
The black bear bites you! The black bear barely misses you.
The black bear claws you.
You shoot an arrow. The arrow hits the black bear.
The black bear is almost dead.
The black bear bites you! The black bear closely misses you.
The black bear claws you. The black bear barely misses you.
The black bear claws you. x2
You die... #.. ... #.#... #.#..### #.#...( ... ##.o... # ... .oo

. #) #.# #h#.#
.###.#########@#.###.#
.....................
#.#.###.##.##.#......
.#
#.#.#....#(##.#....##
.# #...........#.#
...# ..
#.#.#.#..#..#.#....#
.#
#...#.##...........+
.#
#.###.####..#.#....#
.# #.#
#.......#.#.[..#


You could see a black bear (berserk), 2 orc priests and an orc.

Vanquished Creatures
  A gnoll (D:2)
  3 adders
  5 dart slugs
  2 ribbon worms (D:2)
  2 orcs
  7 ball pythons
  6 endoplasms
  2 giant cockroaches
  3 goblins
  4 hobgoblins (D:1)
  4 jackals (D:2)
  5 quokkas
  4 bats
  2 frilled lizards (D:1)
  6 kobolds
  4 rats
60 creatures vanquished.

Notes
Turn   | Place    | Note
-------+----------+-------------------------------------------
     0 | D:1      | qw the Djinni Hunter began the quest for the Orb.
     0 | D:1      | Reached XP level 1. HP: 18/18 MP: 0/0
     0 | D:1      | 0 ||| qw: Version: 0.3-a-136-gdd3b4e8
     0 | D:1      | 0 ||| qw: Game counter: 1373
     0 | D:1      | 0 ||| qw: Melee chars always use a shield: true
     0 | D:1      | 0 ||| qw: God list: Okawaru
     0 | D:1      | 0 ||| qw: Allow faded altars: false
     0 | D:1      | 0 ||| qw: Do Orc after clearing Dungeon:15 true
     0 | D:1      | 0 ||| qw: Do second Lair branch before Depths: true
     0 | D:1      | 0 ||| qw: Lair rune preference: random
     0 | D:1      | 0 ||| qw: Goals: Normal
     0 | D:1      | 0 ||| PLANNING D:1-11
   174 | D:1      | Reached XP level 2. HP: 23/23 MP: 0/0
   287 | D:1      | Found a faded altar of an unknown god.
   539 | D:1      | Reached XP level 3. HP: 25/28 MP: 0/0
   539 | D:1      | Learned a level 1 spell: Kiss of Death
   582 | D:1      | Reached skill level 4 in Ranged Weapons
   712 | D:1      | 712 ||| UPGRADING to +0 ring mail.
   722 | D:1      | 722 ||| DROPPING +0 leather armour.
   723 | D:1      | 723 ||| READING scroll labelled TEPNEG REHU.
   723 | D:1      | 723 ||| ENCHANTING +0 shortbow.
   724 | D:1      | 724 ||| READING scroll labelled ERUXU LOREJ.
   727 | D:1      | 727 ||| READING 2 scrolls labelled HOTET YP ELO.
   727 | D:1      | 727 ||| IDENTIFYING golden potion
   728 | D:1      | 728 ||| READING scroll of identify.
   728 | D:1      | 728 ||| IDENTIFYING fizzy pink potion
   729 | D:1      | 729 ||| READING scroll labelled WOWOFATAETY.
   729 | D:1      | 729 ||| ENCHANTING +0 shortbow.
   730 | D:1      | 730 ||| READING scroll labelled DENUCL BUYMN.
   731 | D:1      | 731 ||| READING scroll labelled FAWAXTUIRPH.
   785 | D:1      | 785 ||| DROPPING scroll of butterflies.
   827 | D:2      | 827 ||| READING scroll of enchant weapon.
   827 | D:2      | 827 ||| ENCHANTING +1 shortbow.
  1020 | D:2      | Reached skill level 1 in Armour
  1159 | D:2      | Reached XP level 4. HP: 34/34 MP: 0/0
  1174 | D:2      | 1174 ||| READING scroll of enchant weapon.
  1174 | D:2      | 1174 ||| ENCHANTING +2 shortbow.
  1225 | D:2      | Reached skill level 3 in Fighting
  1480 | D:2      | 1480 ||| READING scroll of identify.
  1480 | D:2      | 1480 ||| IDENTIFYING murky yellow potion
  1481 | D:2      | 1481 ||| DRINKING potion of mutation.
  1481 | D:2      | Gained mutation: You are agile. (Dex +4, Str/Int -1)
                  | [potion of mutation]
  1481 | D:2      | Gained mutation: You have hidden genetic potential. [potion
                  | of mutation]
  1481 | D:2      | Gained mutation: You sometimes lose your temper in combat.
                  | [potion of mutation]
  1481 | D:2      | Gained mutation: Your spells are a little harder to cast,
                  | but a little more powerful. [potion of mutation]
  1482 | D:2      | 1482 ||| READING scroll labelled NAELORHES RANTON.
  1682 | D:3      | Found an ornate altar of the Wu Jian Council.
  1682 | D:3      | Found an iron altar of Okawaru.
  1683 | D:3      | 1683 ||| PLANNING OKAWARU WORSHIP
  1683 | D:3      | 1683 ||| UPGRADING to +6 ring of dexterity.
  1684 | D:3      | 1684 ||| READING scroll of identify.
  1684 | D:3      | 1684 ||| IDENTIFYING fuming ruby potion
  1685 | D:3      | 1685 ||| DROPPING potion of brilliance.
  1693 | D:3      | Became a worshipper of Warmaster Okawaru
  1694 | D:3      | 1694 ||| PLANNING D:1-11
  1774 | D:3      | Identified the +6 quarterstaff of Yxavommu {drain, Dex+3}
  1809 | D:3      | Found a shadowy altar of Dithmenos.
  2134 | D:4      | Reached XP level 5. HP: 40/40 MP: 0/0
  2134 | D:4      | Learned a level 2 spell: Searing Ray
  2157 | D:4      | Reached skill level 3 in Dodging
  2165 | D:4      | Found a hide-covered altar of Uskayaw.
  2291 | D:4      | Found a glowing silver altar of Zin.
  2300 | D:4      | Found a sparkling altar of Nemelex Xobeh.
  2449 | D:4      | Found a staircase to the Ecumenical Temple.
  2466 | D:4      | 2466 ||| READING scroll of identify.
  2466 | D:4      | 2466 ||| IDENTIFYING red potion
  2467 | D:4      | 2467 ||| DROPPING potion of degeneration.
  2497 | D:5      | Entered Level 5 of the Dungeon
  2498 | D:5      | 2498 ||| PLANNING OSSUARY
  2550 | D:5      | Noticed a black bear
  2554 | D:5      | 2554 ||| RETREEEEATING.
  2558 | D:5      | HP: 9/40 [black bear (7)]
  2558 | D:5      | HP: 1/40 [black bear (5)]
  2558 | D:5      | Slain by a black bear

Levels and vault maps discovered:
D:1:      scummos_arrival_star, layout_loops_cross,
          hellmonk_ecumenical_altar_leap_of_faith
D:2:      layout_basic, cheibrodos_gnoll_hut
D:3:      layout_loops_ring, grunt_dithmenos_smoke,
          chequers_temple_overflow_statue_of_worship
D:4:      layout_cave_pools, mainiacjoe_overflow_swirl,
          mainiacjoe_overflow_alcove_2, hellmonk_sif_muna_bookshelves,
          minmay_temple_entry_from_below_b, nicolae_figureground_pulse
D:5:      layout_basic, grunt_qazlal_sundering, gammafunk_ghost_necromancy,
          chequers_ossuary_entry_cave, kennysheep_generic_room_10

Skill      XL: |  1  2  3  4  5 |
---------------+----------------+-----
Ranged Weapons | 4 |  4.1
Armour         | 1 |  1.0
Fighting       | 3 |  3.1
Dodging        | 3 |  3.1
Stealth        | |  0.7

Action                     |  1- 3 |  4- 6 || total
---------------------------+-------+-------++-------
   Fire: Shortbow          |    81 |    77 ||   158
    Use: Scroll            |     8 |     5 ||    13
         Potion            |       |     1 ||     1
 Armour: Leather armour    |    13 |       ||    13
         Ring mail         |     7 |    25 ||    32
  Dodge: Dodged            |    17 |    25 ||    42

Table legend:
 A = Non-vault XP
 B = Vault XP
 C = Vault XP percentage of total XP
 D = Non-vault monster count
 E = Vault monster count
 F = Vault count percentage of total count
                 A         B        C        D         E       F
            +---------+---------+-------+---------+---------+-------
      Total |     148 |      18 |  10.8 |      57 |       3 |   5.0
            +---------+---------+-------+---------+---------+-------
        D:1 |      38 |       0 |   0.0 |      20 |       0 |   0.0
        D:2 |      55 |      18 |  24.7 |      21 |       3 |  12.5
        D:3 |      12 |       0 |   0.0 |       7 |       0 |   0.0
        D:4 |      43 |       0 |   0.0 |       9 |       0 |   0.0
            +---------+---------+-------+---------+---------+-------
